 Dungeon Crawl Stone Soup version 0.29.1-12-g30fa7ad0bf (webtiles) character file.

Game seed: 14416940498782443595

109 styxcanada the Sneak (level 4, -2/23 HPs)
             Began as a Spriggan Brigand on Dec 27, 2022.
             Slain by a scorpion (5 damage)
             ... on level 3 of the Dungeon.
             The game lasted 00:06:39 (1924 turns).

styxcanada the Sneak (Spriggan Brigand)             Turns: 1924, Time: 00:06:40

Health: -2/23      AC:  4    Str:  7    XL:     4   Next: 59%
Magic:  5/5        EV: 17    Int: 12    God:
Gold:   89         SH:  0    Dex: 18    Spells: 3/3 levels left

rFire   . . .      SeeInvis +   g - +3 short sword
rCold   . . .      Faith    .   (no shield)
rNeg    . . .      Spirit   .   b - +0 robe
rPois   .          Reflect  .   (helmet restricted)
rElec   .          Harm     .   c - +1 cloak
rCorr   .          Rampage  .   (gloves unavailable)
Will    .....                   (boots unavailable)
Stlth   ++++......              (no amulet)
HPRegen 0.07/turn               (no ring)
MPRegen 0.09/turn               (no ring)

@: very quick
A: very small, no large weapons, unfitting armour, see invisible, speed 3
a: no special abilities


You were on level 3 of the Dungeon.
You visited 1 branch of the dungeon, and saw 4 of its levels.

You collected 89 gold pieces.

Inventory:

Hand Weapons
 a - a +2 dagger
 g - a +3 short sword (weapon)
 h - a +0 dagger
Missiles
 d - 5 poisoned darts (quivered)
 e - 3 curare-tipped darts
 j - 38 stones
 o - 6 boomerangs
Armour
 b - a +0 robe (worn)
 c - a +1 cloak (worn)
Wands
 k - a wand of polymorph (4)
Scrolls
 f - a scroll of magic mapping
Potions
 i - a potion of ambrosia
 l - 2 potions of curing {unknown}
 m - 2 potions of degeneration {unknown}
 p - a potion of attraction {unknown}
 q - a potion of resistance {unknown}


   Skills:
 * Level 1.9 Fighting
 + Level 3.0 Short Blades
 + Level 2.2 Throwing
 * Level 2.6 Dodging
 * Level 7.8 Stealth


You had 3 spell levels left.
You didn't know any spells.
Your spell library contained the following spells:

 Spells                   Type           Power      Damage    Failure   Level
 Portal Projectile        Hex/Tloc       0%         N/A       69%         3
 Tukima's Dance           Hex            0%         N/A       69%         3
 Blade Hands              Tmut           0%         N/A       100%        5


Dungeon Overview and Level Annotations

Branches:
Dungeon (4/15)
 Temple: D:4-7

Altars:

Annotations:
D:3 Terence


Innate Abilities, Weirdness & Mutations

You are very small and have problems with some larger weapons.
You are too small for most types of armour.
You have supernaturally acute eyesight. (SInv)
You cover ground extremely quickly. (Speed+++)


Message History

You hit Terence.
Terence is moderately wounded.
Terence hits you with a +0 mace.
You barely miss Terence.
Terence is moderately wounded.
Terence closely misses you.
Throw: 8 darts (poison)
Press: ? - help, Q - select action, (/) - cycle Shift-Dir - straight line, f - Terence
Aim: Terence, wielding a +0 mace and wearing a +0 ring mail (moderately wounded, 65% to hit)
You throw a poisoned dart. The poisoned dart hits Terence.
Terence is poisoned.
Terence is moderately wounded.
Terence shouts, "Get ready for death!"
A rat and a scorpion come into view.
Throw: 7 darts (poison)
Press: ? - help, Q - select action, (/) - cycle Shift-Dir - straight line, f/p - Terence
Aim: Terence, wielding a +0 mace and wearing a +0 ring mail (heavily wounded, poisoned, 65% to hit)
You throw a poisoned dart.
The poisoned dart barely misses Terence.
Throw: 6 darts (poison)
Press: ? - help, Q - select action, (/) - cycle Shift-Dir - straight line, f/p - Terence
Aim: Terence, wielding a +0 mace and wearing a +0 ring mail (heavily wounded, poisoned, 65% to hit)
You throw a poisoned dart. The poisoned dart hits Terence.
Terence looks even sicker.
Terence is heavily wounded.
You see here a +0 ring mail.
The helpless rat fails to defend itself.
You perforate the rat like a sieve!!!
You kill the rat!
You puncture the scorpion!
The scorpion is heavily wounded.
The scorpion stings you but does no damage.
Terence hits you with a +0 mace!
You hit the scorpion but do no damage.
The scorpion is heavily wounded.
The scorpion closely misses you. Terence hits you with a +0 mace.
* * * LOW HITPOINT WARNING * * *
You puncture the scorpion!
The scorpion is almost dead.
The scorpion stings you.
You die...

. #.# .# ..#
.# #.# .# ###
#.# $# ..#
#.#####.# #.#
#.##.("# #s#
#.#w.##.#
#@###...##.#.#
#.@....>.(# .#
##########.#
.# .# .# .# .
#


You could see Terence (poisoned) and a scorpion.

Vanquished Creatures
  6 adders (D:2)
  2 dart slugs
  4 orcs
  3 giant cockroaches (D:2)
  5 goblins
  3 hobgoblins (D:1)
  7 kobolds
  2 quokkas (D:1)
  4 ball pythons
  5 bats
  3 frilled lizards
  6 rats
50 creatures vanquished.

Notes
Turn   | Place    | Note
-------+----------+-------------------------------------------
     0 | D:1      | styxcanada the Spriggan Brigand began the quest for the
                  | Orb.
     0 | D:1      | Reached XP level 1. HP: 10/10 MP: 2/2
    35 | D:1      | Found a faded altar of an unknown god.
   115 | D:1      | Reached skill level 6 in Stealth
   180 | D:1      | Reached XP level 2. HP: 10/14 MP: 3/3
   866 | D:1      | Reached skill level 7 in Stealth
   866 | D:1      | Reached XP level 3. HP: 16/18 MP: 4/4
  1476 | D:2      | Reached XP level 4. HP: 23/23 MP: 5/5
  1850 | D:3      | You fall into a shaft and drop 1 floor!
  1904 | D:3      | Noticed Terence
  1917 | D:3      | Noticed a scorpion
  1924 | D:3      | Slain by a scorpion

Illustrated notes

Levels and vault maps discovered:
D:1:      amcnicky_arrival_feature_with_door, layout_loops_ring,
          dreamdust_ecumenical_altar_grove, chequers_serial_rivers_small_a,
          st_stairs_1
D:2:      layout_loops_ring
D:3:      layout_basic, minivault_23, uniq_terence, uniq_sigmund, uniq_grinder
D:4:      layout_layer_cave, serial_shops, kennysheep_mini_moat

Skill      XL: |  1  2  3  4 |
---------------+-------------+-----
Stealth        | 6 7 |  7.8
Dodging        | 2 |  2.6
Short Blades   | 3 |  3.0
Fighting       | |  1.9
Throwing       | |  2.2

Action                   |  1- 3 |  4- 6 || total
-------------------------+-------+-------++-------
Melee: Dagger            |    19 |       ||    19
       Short sword       |    79 |    19 ||    98
Throw: Dart              |    13 |     3 ||    16
  Use: Scroll            |     4 |     2 ||     6
 Stab: Sleeping          |    10 |     9 ||    19
Armor: Robe              |    15 |     1 ||    16
Dodge: Dodged            |    72 |     5 ||    77
